 Dungeon Sprint DCSS version 0.22.1-2-g9c5b331383 (webtiles) character file.

471 Groucho the Unseen (level 6, 0/30 HPs)
             Began as a Spriggan Enchanter on Jan 5, 2019.
             Slain by a neqoxec (10 damage)
             ... in the Dungeon (Sprint II: "The Violet Keep of Menkaure").
             The game lasted 00:01:18 (197 turns).

Groucho the Unseen (Spriggan Enchanter)              Turns: 197, Time: 00:01:19

Health: 0/30       AC:  2    Str:  6    XL:     6   Next: 83%
Magic:  0/19       EV: 18    Int: 17    God:
Gold:   243        SH:  0    Dex: 16    Spells: 11/23 levels left

rFire    . . .     SeeInvis +   a - +1 dagger
rCold    . . .     Gourm    .   (shield restricted)
rNeg     . . .     Faith    .   b - +0 robe
rPois    .         Spirit   .   (helmet restricted)
rElec    .         Reflect  .   (no cloak)
rCorr    .         Harm     .   (gloves unavailable)
MR       +....     NoTele   +   (boots unavailable)
Stlth    ++++++....             (no amulet)
HPRegen  0.10/turn              (no ring)
MPRegen  0.16/turn              (no ring)

@: very quick
A: very small, unfitting armour, see invisible, herbivore, speed 3, slow
metabolism 2
a: no special abilities


You were in the Dungeon.
You were not hungry.

You visited 1 branch You collected 243 gold pieces.

Inventory:

Hand Weapons
 a - a +1 dagger (weapon)
Armour
 b - a +0 robe (worn)
Scrolls
 j - a scroll of blinking
Potions
 f - a potion of heal wounds
 g - a potion of haste
 h - 2 potions of magic
Comestibles
 d - a ration


   Skills:
 - Level 2.1 Fighting
 - Level 1.1 Short Blades
 - Level 3.0 Dodging
 * Level 15.3 Stealth
 + Level 9.0 Spellcasting
 + Level 9.3 Hexes


You had 11 spell levels left.
You knew the following spells:

 Your Spells              Type           Power        Failure   Level  Hunger
a - Corona                Hex            #####..      1%          1    None
b - Ensorcelled Hibernat  Hex/Ice        ###...       1%          2    None
c - Confuse               Hex            #####...     1%          3    None
d - Dazzling Spray        Conj/Hex       ###...       4%          3    None
e - Tukima's Dance        Hex            #####...     1%          3    None

Your spell library contained the following spells:

 Spells                   Type           Power        Failure   Level  Hunger


Dungeon Overview and Level Annotations

Branches:
Dungeon (1/1)

Altars:


Innate Abilities, Weirdness & Mutations

You are very small and have problems with some larger weapons.
You are too small for most types of armour.
You have supernaturally acute eyesight. (SInv)
You are a herbivore.
You cover ground extremely quickly.
You need to consume almost no food.


Message History

The iron imp disappears in a puff of smoke!
The quasit disappears in a puff of smoke!
Your Stealth skill increases to level 15!
Your Spellcasting skill increases to level 9!
Your Hexes skill increases to level 9!
The neqoxec hits you but does no damage.
Unknown command.
Casting: Ensorcelled Hibernation (safe; 1% risk of failure)
Confirm with . or Enter, or press ? or * to list all spells.
Aiming: Ensorcelled Hibernation (safe; 1% risk of failure)
Press: ? - help, Shift-Dir - straight line, f - neqoxec
Aim: a neqoxec (chance to defeat MR: 35%)
The neqoxec easily resists.
The neqoxec misses you.
Casting: Ensorcelled Hibernation (safe; 1% risk of failure)
Confirm with . or Enter, or press ? or * to list all spells.
Aiming: Ensorcelled Hibernation (safe; 1% risk of failure)
Press: ? - help, Shift-Dir - straight line, f/p - neqoxec
Aim: a neqoxec (chance to defeat MR: 35%)
The neqoxec easily resists.
The neqoxec hits you!
You die...

### ##
#§.##.# #
#.@3#### ##.
##§###†##
#.w$##.###..#
#+.<.'.##+
#.w.##.###..#
##. #+# #.##
# ###


You could see a neqoxec.

Vanquished Creatures
  3 neqoxecs (D)
  4 worker ants (D)
7 creatures vanquished.

Vanquished Creatures (others)
  A crocodile (D)
1 creature vanquished.

Grand Total: 8 creatures vanquished

Notes
Turn   | Place    | Note
-------+----------+-------------------------------------------
     0 | D        | Groucho the Spriggan Enchanter began the quest for the Orb.
     0 | D        | Reached XP level 1. HP: 9/9 MP: 5/5
     1 | D        | Noticed a tyrant leech
     1 | D        | Noticed a tyrant leech
     5 | D        | Noticed a worker ant
     5 | D        | Noticed a worker ant
     7 | D        | Noticed a worker ant
     7 | D        | Noticed a worker ant
    20 | D        | Killed a worker ant
    20 | D        | Reached skill level 7 in Stealth
    20 | D        | Reached XP level 2. HP: 6/13 MP: 6/8
    23 | D        | Reached skill level 1 in Fighting
    23 | D        | Reached skill level 8 in Stealth
    23 | D        | Reached skill level 5 in Hexes
    23 | D        | Reached XP level 3. HP: 7/18 MP: 7/10
    28 | D        | Reached skill level 9 in Stealth
    28 | D        | Reached skill level 5 in Spellcasting
    28 | D        | Reached XP level 4. HP: 7/23 MP: 8/12
   162 | D        | Learned a level 2 spell: Ensorcelled Hibernation
   166 | D        | Learned a level 3 spell: Confuse
   170 | D        | Learned a level 3 spell: Dazzling Spray
   171 | D        | Killed a crocodile
   174 | D        | Learned a level 3 spell: Tukima's Dance
   176 | D        | Reached skill level 10 in Stealth
   185 | D        | Noticed a neqoxec
   185 | D        | Noticed a neqoxec
   185 | D        | Noticed a neqoxec
   185 | D        | Noticed a neqoxec
   187 | D        | Killed a neqoxec
   187 | D        | Reached skill level 12 in Stealth
   187 | D        | Reached XP level 5. HP: 26/26 MP: 12/15
   190 | D        | Killed a neqoxec
   190 | D        | Reached skill level 14 in Stealth
   190 | D        | Reached XP level 6. HP: 30/30 MP: 9/18
   195 | D        | Killed a neqoxec
   195 | D        | Reached skill level 15 in Stealth
   197 | D        | Slain by a neqoxec

Skill      XL: |  1  2  3  4  5  6 |
---------------+-------------------+-----
Stealth        | 7 8 9 12 14 15 | 15.3
Spellcasting   | 4 5 7 8 9 |  9.0
Hexes          | 4 5 7 8 9 |  9.3
Fighting       | 1 2 |  2.1
Short Blades   | |  1.1
Dodging        | |  3.0

Action                   |  1- 3 |  4- 6 || total
-------------------------+-------+-------++-------
Melee: Dagger            |    19 |     4 ||    23
 Cast: Ensorcelled Hiber |       |     7 ||     7
  Use: Potion            |     1 |     1 ||     2
 Stab: Sleeping          |       |     4 ||     4
Armor: Robe              |     1 |     1 ||     2
Dodge: Dodged            |    12 |    11 ||    23
